 Dungeon Crawl Stone Soup version 0.21.1-1-g345015f (webtiles) character file.

102 monkeygenral the Slasher (level 4, -6/49 HPs)
             Began as a Demonspawn Berserker on June 10, 2018.
             Was a Believer of Trog.
             Mangled by Crazy Yiuf
             ... wielding a +3 quarterstaff of chaos
              (8 damage)
             ... on level 2 of the Dungeon on June 11, 2018.
             The game lasted 00:19:04 (2434 turns).

monkeygenral the Slasher (Demonspawn Berserker)     Turns: 2434, Time: 00:19:05

Health: -6/49      AC:  5    Str: 24    XL:     4   Next: 50%
Magic:  2/4        EV: 12    Int:  8    God:    Trog [**....]
Gold:   89         SH:  0    Dex: 12    Spells: 3/3 levels left

rFire    . . .     SeeInvis .   a - +1 falchion
rCold    . . .     Gourm    .   (no shield)
rNeg     . . .     Faith    .   b - +1 animal skin
rPois    .         Spirit   .   (helmet restricted)
rElec    .         Reflect  .   (no cloak)
rCorr    +         Harm     .   (no gloves)
MR       .....                  (no boots)
Stlth    ..........             (no amulet)
HPRegen  0.16/turn              k - ring of resist corrosion
MPRegen  0.09/turn              (no ring)

@: berserking (expiring), starving, very quick
A: antennae 1, icy blue scales 1, frail 1, nightstalker 1, rot immunity
a: Berserk, Trog's Hand, Burn Spellbooks, Renounce Religion


You were on level 2 of the Dungeon.
You worshipped Trog.
Trog was pleased with you.
You were starving.

You visited 1 branch of the dungeon, and saw 2 of its levels.

You collected 89 gold pieces.

Inventory:

Hand Weapons
 a - a +1 falchion (weapon)
 d - a +0 dagger
 e - a +0 hunting sling
 g - a +1 mace of protection
 h - a +2 dagger of protection
Missiles
 l - 23 arrows
Armour
 b - a +1 animal skin (worn)
Jewellery
 j - an uncursed ring of ice
 k - a ring of resist corrosion (left hand)
Potions
 f - 4 potions of heal wounds
Comestibles
 c - 8 rations


   Skills:
 + Level 3.7 Fighting
 + Level 3.9 Long Blades
 * Level 2.0 Armour
 + Level 2.1 Dodging
 + Level 1.0 Stealth


You had 3 spell levels left.
You didn't know any spells.

Dungeon Overview and Level Annotations

Branches:
Dungeon (2/15)

Altars:
Nemelex Xobeh
Okawaru

Annotations:
D:2 Crazy Yiuf


Innate Abilities, Weirdness & Mutations

You are partially covered in icy blue scales. (AC +2)
You are slightly more attuned to the shadows.
You are immune to rotting.
You have a pair of small antennae on your head.
You are frail. (-10% HP)


Message History

* * * LOW HITPOINT WARNING * * *
You completely miss Crazy Yiuf.
Crazy Yiuf is moderately wounded.
You barely miss Crazy Yiuf.
Crazy Yiuf is moderately wounded.
Crazy Yiuf hits you with a quarterstaff of chaos!
* * * LOW HITPOINT WARNING * * *
You are too berserk!
You slash Crazy Yiuf!
Crazy Yiuf is severely wounded.
Crazy Yiuf says, "Cards!
Two horse dark."
Crazy Yiuf hits you with a quarterstaff of chaos.
* * * LOW HITPOINT WARNING * * *
You feel your power leaking away.
You barely miss Crazy Yiuf.
Crazy Yiuf is severely wounded.
You barely miss Crazy Yiuf.
Crazy Yiuf is severely wounded.
Crazy Yiuf hits you with a quarterstaff of chaos!
You die...

####.# #.# #.# #.# ####.#
.....# #.##.# ##### ######
#.##.# #)..### ##..#.##
#.##.# #.g@'.####).....#
#.##.# #...##..#.)...).#
#.##.# ########.#...#..#
.....### #######.## #.####.##
#.# ........## ### ###.#
.###.....## #######.# #...#
.##.......###.......#####..##
.#.........##.)........##.##


You could see Crazy Yiuf.

Vanquished Creatures
  3 adders (D:2)
  3 worms (D:2)
  2 dart slugs (D:1)
  3 leopard geckos
  A giant cockroach (D:1)
  8 goblins
  5 hobgoblins (D:2)
  7 jackals (D:2)
  8 kobolds
  8 bats
  8 rats
56 creatures vanquished.

Notes
Turn   | Place    | Note
-------+----------+-------------------------------------------
     0 | D:1      | monkeygenral the Demonspawn Berserker began the quest for the Orb.
     0 | D:1      | Reached XP level 1. HP: 18/18 MP: 1/1
   137 | D:1      | Gained mutation: You are frail. (-10% HP) [potion of mutation]
   137 | D:1      | Gained mutation: You have a pair of small antennae on your head. [potion of mutation]
   226 | D:1      | Gained mutation: You are slightly more attuned to the shadows. [demonic ancestry]
   226 | D:1      | Reached XP level 2. HP: 21/21 MP: 2/2
   642 | D:1      | Found an iron altar of Okawaru.
   648 | D:1      | Gained mutation: You are partially covered in icy blue scales. (AC +2) [demonic ancestry]
   648 | D:1      | Reached XP level 3. HP: 25/26 MP: 3/3
   753 | D:1      | Reached ** piety under Trog
  1731 | D:2      | Gained mutation: You are immune to rotting. [demonic ancestry]
  1731 | D:2      | Reached XP level 4. HP: 32/32 MP: 4/4
  2169 | D:2      | Found a sparkling altar of Nemelex Xobeh.
  2398 | D:2      | Reached skill level 1 in Stealth
  2421 | D:2      | Found a runed door.
  2425 | D:2      | Noticed Crazy Yiuf
  2432 | D:2      | HP: 2/49 [Crazy Yiuf/quarterstaff of chaos (3)]
  2434 | D:2      | Mangled by Crazy Yiuf

Skill      XL: |  1  2  3  4 |
---------------+-------------+-----
Long Blades    | 3 |  3.9
Armour         | 2 |  2.0
Dodging        | 2 |  2.1
Stealth        | 1 |  1.0
Fighting       | |  3.7

Action                   |  1- 3 |  4- 6 || total
-------------------------+-------+-------++-------
Melee: Falchion          |    97 |    59 ||   156
Invok: Berserk           |     1 |     2 ||     3
  Use: Potion            |     6 |       ||     6
       Scroll            |     2 |     2 ||     4
 Stab: Sleeping          |     7 |       ||     7
  Eat: Chunk             |     3 |     2 ||     5
Armor: Animal skin       |    22 |     9 ||    31
Dodge: Dodged            |    51 |    33 ||    84
       Rpst.: Falchion   |    17 |     9 ||    26
